 Dungeon Crawl Stone Soup version bcrawl-1.13.2 (webtiles) character file.

Game seed: 634442033191676488

47788 Chiseanne the Blocker (level 14, -5/111 HPs)
             Began as a Demonspawn Archaeologist on Aug 12, 2019.
             Was an Initiate of Gozag.
             Slain by an orc warlord
             ... wielding a +1 glaive of freezing
              (20 damage)
             ... in the Orcish Mines.
             The game lasted 00:48:29 (19443 turns).

Chiseanne the Blocker (Demonspawn Archaeologist)   Turns: 19443, Time: 00:48:29

Health: -5/111     AC: 15    Str: 10    XL:     14   Next: 9%
Magic:  27/27      EV: 21    Int: 21    God:    Gozag
Gold:   585        SH: 18    Dex: 19    Spells: 12/31 levels left

rFire    + . .     SeeInvis +   a - +8 flail of Yeast {elec, rN++}
rCold    . . .     Gourm    .   P - +1 shield "Wule" {MR+++ Stlth-}
rNeg     + + +     Faith    .   f - +5 robe of Night {Dark MR+ SInv}
rPois    +         Spirit   .   r - +0 hat of the Pits of Slime {Int+7} (curse)
rElec    .         Reflect  +   N - +2 ratskin cloak {+Rats rPois rN+ Str-1 Int-1 Dex+1}
rCorr    .         Harm     .   (no gloves)
MR       +++++                  o - +1 pair of boots
Stlth    ++++......             k - +5 amulet of reflection
HPRegen  0.28/turn              u - ring of protection from fire
MPRegen  0.20/turn              (no ring)

@: gold aura
A: antennae 2, yellow scales 2, spiny 1, rot immunity
a: Potion Petition, Call Merchant, Bribe Branch, Renounce Religion, Evoke
Ratskin


You were in the Orcish Mines.
You worshipped Gozag.
Gozag was pleased with you.
You were full.

You visited 3 branches of the dungeon, and saw 14 of its levels.

You collected 4783 gold pieces.
You spent 3255 gold pieces at shops.
You paid 943 gold pieces to Gozag.

Inventory:

Hand Weapons
 a - the +8 flail of Yeast (weapon) {elec, rN++}
   (You found it on level 10 of the Dungeon)

   Occasionally, upon striking a foe, it will discharge some electrical energy
   and cause terrible harm.
   It greatly protects you from negative energy.
 s - a +3 whip of venom
 y - a +4 glaive of protection
 O - a +4 scimitar of flaming
Missiles
 A - 2 throwing nets {!f}
 B - 59 exploding tomahawks
 K - 17 poisoned tomahawks (quivered)
 S - 23 curare-tipped needles
Armour
 f - the +5 robe of Night (worn) {Dark MR+ SInv}

   It affects your resistance to hostile enchantments.
   It lets you see invisible.
 o - a +1 pair of boots (worn)
 r - the cursed +0 hat of the Pits of Slime (worn) {Int+7}
   (You found it on level 5 of the Dungeon)

   It affects your intelligence (+7).
   It has a curse placed upon it.
 C - a +0 scale mail of fire resistance
 N - the +2 ratskin cloak (worn) {+Rats rPois rN+ Str-1 Int-1 Dex+1}
   (You bought it in a shop on level 7 of the Dungeon)

   It affects your strength (-1).
   It affects your intelligence (-1).
   It affects your dexterity (+1).
   It protects you from poison.
   It protects you from negative energy.
 P - the +1 shield "Wule" (worn) {MR+++ Stlth-}
   (You bought it in a shop on level 7 of the Dungeon)

   It affects your resistance to hostile enchantments.
   It makes you less stealthy.
Jewellery
 j - an uncursed ring of protection from cold
 k - a +5 amulet of reflection (around neck)
 n - an uncursed amulet of guardian spirit
 u - a ring of protection from fire (left hand)
Wands
 w - a wand of disintegration (4)
 z - a wand of digging (15)
Scrolls
 b - a scroll of immolation
 e - a scroll of fear
 h - 6 scrolls of blinking
 i - 12 scrolls of remove curse
 p - 6 scrolls of identify
 G - a scroll of fog
 H - 7 scrolls of teleportation
 J - 3 scrolls of magic mapping
Potions
 c - 4 potions of heal wounds
 d - 3 potions of might
 l - a potion of cancellation
 m - a potion of haste
 q - a potion of resistance
 t - a potion of agility
 v - 9 potions of curing
 x - 2 potions of berserk rage
 I - 2 potions of invisibility
Miscellaneous
 R - a phantom mirror
Comestibles
 g - 12 rations {!d}


   Skills:
 - Level 10.7 Fighting
 - Level 0.8 Maces & Flails
 - Level 11.3 Dodging
 - Level 10.2 Stealth
 + Level 11.6 Shields
 - Level 9.1 Spellcasting
 - Level 6.1 Hexes


You had 12 spell levels left.
You knew the following spells:

 Your Spells              Type           Power        Failure   Level  Hunger
a - Confuse               Hex            #####...     2%          3    None
b - Tukima's Dance        Hex            #####...     2%          3    None
c - Dazzling Spray        Conj/Hex       ###...       9%          3    None
d - Regeneration          Chrm/Necr      #.........   32%         3    None
e - Sticky Flame          Conj/Fire      #.......     71%         4    ##.....
f - Inner Flame           Hex/Fire       N/A          9%          3    None

Your spell library contained the following spells:

 Spells                   Type           Power        Failure   Level  Hunger
 Corona                   Hex            #####..      1%          1    None
 Ensorcelled Hibernation  Hex/Ice        ###...       4%          2    None
 Animate Skeleton         Necr           N/A          11%         1    None
 Flame Tongue             Conj/Fire      #....        11%         1    None
 Magic Dart               Conj           #...         11%         1    None
 Pain                     Necr           #...         11%         1    None
 Summon Small Mammal      Summ           #...         11%         1    None
 Call Imp                 Summ           #.......     16%         2    None
 Searing Ray              Conj           #.....       16%         2    None
 Fulminant Prism          Conj/Hex       ###.......   30%         4    ##.....
 Call Canine Familiar     Summ           #.......     32%         3    None
 Conjure Flame            Conj/Fire      #.......     32%         3    None
 Iskenderun's Mystic Bla  Conj           #.......     32%         3    None
 Vampiric Draining        Necr           #.........   32%         3    None
 Animate Dead             Necr           N/A          71%         4    ##.....
 Summon Ice Beast         Ice/Summ       #.......     71%         4    ##.....
 Bolt of Draining         Conj/Necr      #.........   96%         5    #####..
 Fireball                 Conj/Fire      #.........   96%         5    #####..
 Irradiate                Conj/Tmut      #.........   96%         5    #####..
 Summon Lightning Spire   Summ/Air       #.......     96%         5    #####..


Dungeon Overview and Level Annotations

Branches:
Dungeon (12/12)            Temple (1/1) D:5            Lair (0/6) D:7
    Orc (1/1) D:11         Vaults (0/3) D:12         Depths (0/5) D:12
    Elf: Orc:1

Altars:
Ashenzari
Cheibriados
Dithmenos
Elyvilon
Fedhas
Gozag
Hepliaklqana
Kikubaaqudgha
Lugonu
Makhleb
Nemelex Xobeh
Okawaru
Qazlal
Ru
Sif Muna
Trog
Uskayaw
Vehumet
Wu Jian
Xom
Yredelemnul
Zin
The Shining One
Beogh

Shops:
D:7 ?[   D:10 :   D:12 =?   Orc !!([:

Annotations:
D:5 2 runed translucent doors, Heliosone's ghost, novice AvRe
D:8 3 runed translucent doors, espenoss's ghost, novice DrTm
D:10 3 runed translucent doors


Innate Abilities, Weirdness & Mutations

You have a pair of antennae on your head.
You are mostly covered in yellow scales. (AC +3)
You are partially covered in sharp spines.
You are immune to rotting.


Message History

An orc priest comes into view. It is wielding a +0 short sword.
The orc warlord roars a battlecry!
The orc warrior goes into a battle-frenzy!
You closely miss the orc warrior. The orc warrior misses you.
The orc warlord hits you from afar with a +1 glaive of freezing!!
The orc warlord freezes you.
You thump the orc warrior!
The orc warrior is moderately wounded.
The orc no longer looks unusually strong. x2
The orc warrior is struck by your spines.
The orc warrior hits you with a +0 glaive!!
* * * LOW HITPOINT WARNING * * *
The orc warlord roars a battlecry!
The orcs go into a battle-frenzy!
You sock the orc warrior!
Lightning courses through the orc warrior!!
You kill the orc warrior!
The orc warlord hits you from afar with a +1 glaive of freezing!!
You die...
Your body crumbles into a pile of gold.

#######..######
#.#.._..#..#...∩#.......
##.#.....#..#....#........
...#.....#..#....#........
#.###'###..#....#........ $
#..))......##'###o........
#.)8...8.......@$oo.......
##..........##'###oo).......
.).)).......#....#Too........
##)###.###..#....#............
#)# #.# #..#...∩#..).$.......
##.###.###..######...$........
)..)..... ..........o......
......... ..............o..
######### ......#..........


You could see an orc warlord, an orc priest and 5 orcs.

Vanquished Creatures
  Kirke (D:11)
  A stone giant (D:12)
  2 fire dragons (D:12)
  2 hydras (D:12)
  3 centaur warriors (D:12)
  10 two-headed ogres
  An ogre mage (D:12)
  2 unseen horrors
  Pikel (D:6)
  A harpy (D:11)
  2 cyclopes
  9 orc knights
  A deep elf archer (D:12)
  2 wolf spider zombies
  An ugly thing (D:11)
  2 slime creatures (D:12)
  3 manticores
  4 deep elf magi
  2 efreet
  A kobold demonologist (D:12)
  A komodo dragon (D:12)
  2 yaktaurs (D:12)
  A redback zombie (D:7)
  2 hellwings (D:7)
  7 trolls
  2 polar bears (D:10)
  2 hornets
  A hippogriff (D:7)
  A meliai zombie (D:10)
  4 centaur simulacra (D:10)
  Sigmund (D:5)
  6 yaks
  A wyvern (D:12)
  2 vampires
  A hog (D:11)
  A wraith (D:12)
  Eustachio (D:6)
  2 basilisks
  3 vampire mosquitoes (D:11)
  6 wargs (Orc)
  4 soldier ants
  2 water moccasins
  3 porcupines (D:7)
  2 black bears (D:7)
  26 orc warriors
  2 eyes of draining
  5 sky beasts
  A phantom (D:5)
  11 ogres
  3 wolves
  4 centaurs
  5 big kobolds
  4 crocodiles
  Blork the orc (D:6)
  2 bullfrogs
  A wyvern skeleton (D:9)
  A hornet simulacrum (D:12)
  A scorpion (D:5)
  A scorpion (shapeshifter) (D:12)
  19 killer bees
  6 wights
  4 howler monkeys
  3 electric eels (D:10)
  6 crimson imps
  2 bullfrog zombies (D:7)
  6 jellies
  3 quasits
  8 centaur zombies
  6 orc priests
  5 hounds
  15 orc wizards
  2 bullfrog skeletons (D:8)
  4 iguanas
  Terence (D:3)
  6 centaur skeletons
  8 worker ants
  A killer bee zombie (D:8)
  2 hound skeletons
  2 howler monkey zombies
  A worker ant zombie (D:9)
  A howler monkey skeleton (D:4)
  4 gnolls (D:8)
  10 adders
  5 shadow imps (D:7)
  9 white imps (D:10)
  3 ufetubi (D:10)
  An ooze (D:2)
  An adder zombie (D:8)
  An adder skeleton (D:5)
  A worm (D:3)
  A dart slug (D:2)
  7 leopard geckos
  69 orcs
  5 bats
  3 giant cockroaches
  9 hobgoblins
  4 jackals
  4 quokkas
  5 frilled lizards
  3 goblins
  11 kobolds
  3 rats
  3 plants (D:7)
450 creatures vanquished.

Vanquished Creatures (others)
  A troll (D:6)
  3 humans (D:11)
  A vampire mosquito (D:11)
  A sky beast (D:6)
  A slave (D:6)
  2 iguanas (D:6)
  2 fungi (D:7)
  3 plants (D:7)
14 creatures vanquished.

Grand Total: 464 creatures vanquished

Notes
Turn   | Place    | Note
-------+----------+-------------------------------------------
     0 | D:1      | Chiseanne the Demonspawn Archaeologist began the quest for
                  | the Orb.
     0 | D:1      | Reached XP level 1. HP: 15/15 MP: 1/1
   714 | D:1      | Gained mutation: You are partially covered in sharp spines.
                  | [demonic ancestry]
   714 | D:1      | Reached XP level 2. HP: 22/22 MP: 2/2
  1023 | D:2      | Found a hide-covered altar of Uskayaw.
  1059 | D:2      | Gained mutation: You are immune to rotting. [demonic
                  | ancestry]
  1059 | D:2      | Reached XP level 3. HP: 5/29 MP: 3/3
  1414 | D:2      | Found a glowing golden altar of the Shining One.
  1510 | D:2      | Found a shattered altar of Ashenzari.
  1893 | D:3      | Reached XP level 4. HP: 33/35 MP: 4/4
  2093 | D:3      | Noticed Terence
  2108 | D:3      | Killed Terence
  2108 | D:3      | Reached skill level 5 in Stealth
  2371 | D:4      | Noticed a sky beast
  2375 | D:4      | Reached XP level 5. HP: 41/41 MP: 5/5
  2385 | D:4      | Killed a sky beast
  2698 | D:4      | Reached XP level 6. HP: 47/47 MP: 6/6
  2794 | D:4      | Noticed a sky beast
  2805 | D:4      | Killed a sky beast
  2878 | D:4      | Found a shimmering altar of Xom.
  2878 | D:4      | Found a glowing silver altar of Zin.
  2878 | D:4      | Noticed an angel
  3197 | D:5      | Entered Level 5 of the Dungeon
  3200 | D:5      | Found a staircase to the Ecumenical Temple.
  3201 | D:5      | Noticed a sky beast
  3216 | D:5      | Killed a sky beast
  3226 | D:5      | Reached XP level 7. HP: 46/54 MP: 7/7
  3232 | D:5      | Got a twisted hat
  3238 | Temple   | Entered the Ecumenical Temple
  3325 | Temple   | Identified the cursed +0 hat of the Pits of Slime {Int+7}
                  | (You found it on level 5 of the Dungeon)
  3353 | Temple   | Became a worshipper of Gozag Ym Sagoz the Greedy
  3724 | D:5      | Reached skill level 5 in Fighting
  3840 | D:5      | Found a runed translucent door.
  3898 | D:5      | Found a bloodstained altar of Trog.
  3977 | D:5      | Found a runed translucent door.
  4016 | D:5      | Noticed Heliosone's ghost (novice AvRe)
  4066 | D:5      | Noticed Sigmund
  4191 | D:5      | Killed Sigmund
  4191 | D:5      | Reached skill level 5 in Dodging
  4191 | D:5      | Gained mutation: You have a pair of small antennae on your
                  | head. [demonic ancestry]
  4191 | D:5      | Reached XP level 8. HP: 33/63 MP: 8/8
  4622 | D:5      | Found a runed door.
  5167 | D:6      | Noticed Pikel
  5168 | D:6      | Noticed Blork the orc
  5190 | D:6      | Killed Pikel
  5190 | D:6      | Reached XP level 9. HP: 68/72 MP: 7/9
  5218 | D:6      | Killed Blork the orc
  5419 | D:6      | Learned a level 3 spell: Confuse
  5480 | D:6      | Noticed Eustachio
  5506 | D:6      | Killed Eustachio
  5701 | D:6      | Reached skill level 1 in Spellcasting
  5951 | D:6      | Killed a troll
  6436 | D:7      | Reached XP level 10. HP: 61/82 MP: 11/15
  6629 | D:7      | Reached skill level 10 in Stealth
  6732 | D:7      | Reached skill level 5 in Spellcasting
  6818 | D:7      | Gained mutation: You are partially covered in yellow
                  | scales. (AC +2) [demonic ancestry]
  6818 | D:7      | Reached XP level 11. HP: 61/90 MP: 19/19
  7051 | D:7      | Found Nyhuojix's Magic Scroll Boutique.
  7057 | D:7      | Bought a scroll of noise for 13 gold pieces
  7060 | D:7      | Bought a scroll of brand weapon for 260 gold pieces
  7060 | D:7      | Bought a scroll of immolation for 45 gold pieces
  7060 | D:7      | Bought a scroll of identify for 26 gold pieces
  7060 | D:7      | Bought a scroll of enchant weapon for 97 gold pieces
  7060 | D:7      | Bought a scroll of fog for 26 gold pieces
  7060 | D:7      | Bought a scroll of amnesia for 45 gold pieces
  7060 | D:7      | Bought a scroll of identify for 26 gold pieces
  7060 | D:7      | Bought a scroll of identify for 26 gold pieces
  7060 | D:7      | Bought a scroll of teleportation for 39 gold pieces
  7060 | D:7      | Bought a scroll of identify for 26 gold pieces
  7060 | D:7      | Bought a scroll of amnesia for 45 gold pieces
  7084 | D:7      | Found a staircase to the Lair.
  7477 | D:8      | Reached skill level 10 in Fighting
  7540 | D:8      | Noticed an unseen horror
  7553 | D:8      | Killed an unseen horror
  7660 | D:8      | Found a blossoming altar of Fedhas.
  7929 | D:8      | Found a runed translucent gate.
  7930 | D:8      | Found a runed translucent gate.
  7931 | D:8      | Found a runed translucent gate.
  7932 | D:8      | Noticed espenoss's ghost (novice DrTm)
  8384 | D:9      | Noticed a two-headed ogre
  8413 | D:9      | Killed a two-headed ogre
  8420 | D:9      | HP: 1/91 [soldier ant (7)]
  9194 | D:9      | Found a shadowy altar of Dithmenos.
  9704 | D:9      | Noticed a two-headed ogre
  9717 | D:9      | Killed a two-headed ogre
 10103 | D:7      | Bought the +2 ratskin cloak {+Rats rPois rN+ Str-1 Int-1
                  | Dex+1} for 667 gold pieces
 10103 | D:7      | Found the +2 ratskin cloak {+Rats rPois rN+ Str-1 Int-1
                  | Dex+1}
 10225 | D:10     | Entered Level 10 of the Dungeon
 10243 | D:10     | Reached skill level 10 in Dodging
 10364 | D:10     | Reached skill level 1 in Hexes
 10515 | D:10     | Found a runed translucent gate.
 10515 | D:10     | Found a runed translucent gate.
 10515 | D:10     | Found a runed translucent gate.
 10558 | D:10     | Noticed a two-headed ogre
 10596 | D:10     | Killed a two-headed ogre
 10828 | D:10     | Noticed a two-headed ogre
 10872 | D:10     | Killed a two-headed ogre
 10880 | D:10     | Reached XP level 12. HP: 60/99 MP: 16/23
 11059 | D:10     | Found Iggusye's Book Boutique.
 11389 | D:10     | Got a jewelled flail
 11433 | D:10     | Identified the +8 flail of Yeast {elec, rN++} (You found it
                  | on level 10 of the Dungeon)
 11440 | D:10     | Learned a level 3 spell: Tukima's Dance
 11444 | D:10     | Learned a level 3 spell: Dazzling Spray
 11448 | D:10     | Learned a level 3 spell: Regeneration
 11453 | D:10     | Learned a level 4 spell: Sticky Flame
 11457 | D:10     | Learned a level 3 spell: Inner Flame
 12882 | D:11     | Found a staircase to the Orcish Mines.
 12911 | D:11     | Reached skill level 5 in Hexes
 13129 | D:11     | Noticed Kirke
 13138 | D:11     | Noticed a sphinx
 13140 | D:11     | Killed Kirke
 13337 | D:11     | Found an opulent altar of Gozag.
 13652 | D:7      | Bought a smoking shield for 228 gold pieces
 13653 | D:7      | Identified the +1 shield "Wule" {MR+++ Stlth-} (You bought
                  | it in a shop on level 7 of the Dungeon)
 13788 | D:12     | Entered Level 12 of the Dungeon
 13795 | D:12     | Reached skill level 1 in Shields
 13796 | D:12     | Noticed a two-headed ogre
 13801 | D:12     | Killed a two-headed ogre
 13834 | D:12     | Noticed a centaur warrior
 13839 | D:12     | Noticed a centaur warrior
 13847 | D:12     | Killed a centaur warrior
 13865 | D:12     | Noticed an eight-headed hydra
 13875 | D:12     | Killed an eight-headed hydra
 14028 | D:12     | Noticed a four-headed hydra
 14208 | D:12     | Killed a centaur warrior
 14210 | D:12     | Reached skill level 5 in Shields
 14210 | D:12     | Gained mutation: You have a pair of antennae on your head.
                  | [demonic ancestry]
 14210 | D:12     | Reached XP level 13. HP: 21/104 MP: 7/26
 15758 | D:12     | Noticed a fire dragon
 15771 | D:12     | Killed a fire dragon
 15993 | D:12     | Noticed a fire dragon
 16005 | D:12     | Killed a fire dragon
 16165 | D:12     | Found a staircase to the Depths.
 16388 | D:12     | Found Ysetuac's Magic Scroll Boutique.
 16393 | D:12     | Bought a scroll of vulnerability for 90 gold pieces
 16393 | D:12     | Bought a scroll of identify for 24 gold pieces
 16393 | D:12     | Bought a scroll of fear for 42 gold pieces
 16393 | D:12     | Bought a scroll of magic mapping for 42 gold pieces
 16393 | D:12     | Bought a scroll of teleportation for 36 gold pieces
 16393 | D:12     | Bought a scroll of identify for 24 gold pieces
 17047 | D:12     | Noticed a stone giant
 17057 | D:12     | Killed a stone giant
 17611 | D:12     | Reached skill level 10 in Shields
 17718 | D:12     | Found Kemin's Jewellery Emporium.
 17736 | D:12     | Bought a +5 amulet of reflection for 576 gold pieces
 17738 | D:12     | Bought a cursed -2 ring of evasion for 28 gold pieces
 17857 | D:12     | Found a gate to the Vaults.
 18062 | Orc      | Entered the Orcish Mines
 18062 | Orc      | Found Wayc's Distillery.
 18067 | Orc      | Bought a potion of cancellation for 96 gold pieces
 18067 | Orc      | Bought a potion of invisibility for 96 gold pieces
 18067 | Orc      | Bought a potion of heal wounds for 60 gold pieces
 18067 | Orc      | Bought a potion of curing for 36 gold pieces
 18067 | Orc      | Bought a potion of haste for 120 gold pieces
 18067 | Orc      | Bought a potion of curing for 36 gold pieces
 18067 | Orc      | Bought a potion of resistance for 120 gold pieces
 18067 | Orc      | Bought a potion of heal wounds for 60 gold pieces
 18067 | Orc      | Bought a potion of heal wounds for 60 gold pieces
 18186 | Orc      | Found Nairon's Distillery.
 18264 | Orc      | Found Kulon's Weapon Emporium.
 18284 | Orc      | Bought a potion of curing for 42 gold pieces
 18284 | Orc      | Bought a potion of curing for 42 gold pieces
 18284 | Orc      | Bought a potion of agility for 56 gold pieces
 18734 | Orc      | Gained mutation: You are mostly covered in yellow scales.
                  | (AC +3) [demonic ancestry]
 18734 | Orc      | Reached XP level 14. HP: 86/111 MP: 27/27
 19117 | Orc      | Found a roughly hewn altar of Beogh.
 19206 | Orc      | Found Teuj's Book Emporium.
 19206 | Orc      | Found Eniy's Armour Boutique.
 19264 | Orc      | Noticed an orc warlord
 19425 | Orc      | Noticed an orc warlord
 19443 | Orc      | Slain by an orc warlord

Skill      XL: |  1  2  3  4  5  6  7  8  9 10 11 12 13 |
---------------+----------------------------------------+-----
Fighting       | 2 3 4 5 7 8 9 10 | 10.7
Stealth        | 4 6 7 8 9 10 | 10.2
Dodging        | 3 5 6 7 9 10 11 | 11.3
Spellcasting   | 3 5 7 9 |  9.1
Hexes          | 3 6 |  6.1
Shields        | 5 11 | 11.6
Maces & Flails | |  0.8

Action                   |  1- 3 |  4- 6 |  7- 9 | 10-12 | 13-15 || total
-------------------------+-------+-------+-------+-------+-------++-------
Melee: Whip              |    95 |    49 |   269 |   456 |       ||   869
       Glaive            |       |       |       |     3 |       ||     3
       Flail             |       |       |       |   156 |   418 ||   574
Throw: Javelin           |       |     4 |     2 |    38 |     7 ||    51
       Tomahawk          |       |       |       |       |    44 ||    44
 Cast: Confuse           |       |       |       |    13 |     1 ||    14
Invok: Call Merchant     |       |       |       |     1 |       ||     1
Evoke: Wand              |       |       |     4 |    34 |     4 ||    42
  Use: Scroll            |     7 |     1 |     8 |     9 |     1 ||    26
       Potion            |       |       |       |     9 |       ||     9
 Stab: Sleeping          |     5 |     5 |    12 |    11 |     2 ||    35
       Distracted        |       |       |     1 |     5 |     2 ||     8
       Confused          |       |       |       |     5 |     2 ||     7
  Eat: Chunk             |     3 |     3 |     2 |       |       ||     8
       Ration            |       |       |     3 |     8 |     6 ||    17
Armor: Robe              |    16 |     9 |    66 |   193 |    73 ||   357
       Ring mail         |     5 |    11 |       |       |       ||    16
Dodge: Dodged            |    49 |    23 |   211 |   762 |   324 ||  1369
Block: Shield            |       |       |       |    38 |   369 ||   407
       Reflection        |       |       |       |       |     2 ||     2
